 Dungeon Crawl Stone Soup version 0.24.1-11-gbbbb2193e6 (webtiles) character file.

Game seed: 76267621272496392, levelgen mode: deterministic

1929 Mrkan the Cleaver (level 9, -9/79 HPs)
             Began as a Hill Orc Fighter on May 15, 2020.
             Was a Believer of Beogh.
             Mangled by a sun demon (17 damage)
             ... summoned by a kobold demonologist
             ... on level 7 of the Dungeon.
             The game lasted 00:10:22 (6206 turns).

Mrkan the Cleaver (Hill Orc Fighter)                Turns: 6206, Time: 00:10:22

Health: -9/79      AC: 12    Str: 22    XL:     9   Next: 17%
Magic:  12/12      EV:  6    Int:  8    God:    Beogh [**....]
Gold:   385        SH: 10    Dex: 10    Spells: 8/8 levels left

rFire    . . .     SeeInvis .   a - +0 war axe
rCold    . . .     Gourm    .   c - +0 shield
rNeg     . . .     Faith    .   t - +0 chain mail
rPois    .         Spirit   .   (no helmet)
rElec    .         Reflect  .   C - +0 cloak
rCorr    .         Harm     .   (no gloves)
MR       .....                  n - +0 pair of boots
Stlth    ..........             (no amulet)
HPRegen  0.23/turn              (no ring)
MPRegen  0.13/turn              (no ring)

@: heavily drained
A: no striking features
a: Smiting, Renounce Religion


You were on level 7 of the Dungeon.
You worshipped Beogh.
Beogh was pleased with you.
You were not hungry.

You visited 1 branch of the dungeon, and saw 7 of its levels.

You collected 385 gold pieces.

Inventory:

Hand Weapons
 a - a +0 war axe (weapon)
 y - a +4 war axe
 A - a +2 flail of crushing
Armour
 c - a +0 shield (worn)
 n - a +0 pair of boots (worn)
 t - a +0 chain mail (worn)
 C - a +0 cloak (worn)
Jewellery
 b - a cursed ring of stealth {unknown}
 d - a cursed amulet of the acrobat {unknown}
 g - an uncursed ring of positive energy {unknown}
 p - an uncursed ring of positive energy {unknown}
 D - an uncursed ring of see invisible {unknown}
Wands
 q - a wand of polymorph (5)
 u - a wand of enslavement (7)
Scrolls
 e - a scroll of fear {unknown}
 h - 2 scrolls of random uselessness {unknown}
 i - 2 scrolls of remove curse {unknown}
 j - 2 scrolls of immolation {unknown}
 k - a scroll of magic mapping {unknown}
 o - 7 scrolls of identify {unknown}
 s - 4 scrolls of enchant weapon {unknown}
 v - 2 scrolls of teleportation {unknown}
 x - a scroll of amnesia {unknown}
 z - a scroll of vulnerability {unknown}
 B - a scroll of enchant armour {unknown}
Potions
 l - 2 potions of mutation {unknown}
 m - 4 potions of curing {unknown}
 r - 2 potions of ambrosia {unknown}
 w - a potion of magic {unknown}
 E - a potion of heal wounds {unknown}
Comestibles
 f - 7 rations


   Skills:
 + Level 7.0(5.4) Fighting
 * Level 9.6(7.9) Axes
 + Level 6.3(4.8) Armour
 + Level 6.3(4.8) Shields
 + Level 4.0(2.6) Invocations


You had 8 spell levels left.
You didn't know any spells.
Your spell library contained the following spells:

 Spells                   Type           Power        Failure   Level  Hunger
 Summon Small Mammal      Summ           #...         100%        1    ##.....
 Call Imp                 Summ           #.......     100%        2    ###....
 Call Canine Familiar     Summ           #.......     100%        3    ####...
 Summon Guardian Golem    Hex/Summ       #.......     100%        3    ####...
 Summon Ice Beast         Ice/Summ       #.......     100%        4    #####..
 Summon Lightning Spire   Summ/Air       #.......     100%        4    #####..


Dungeon Overview and Level Annotations

Branches:
Dungeon (7/15)             Temple (0/1) D:4

Altars:
Elyvilon
Hepliaklqana
Kikubaaqudgha
Qazlal
Ru
Xom


Message History

Beogh accepts your kill.
You can now smite your foes.
You hit the sun demon but do no damage.
You are engulfed in a cloud of scalding steam.
The big kobold hits you. The sun demon completely misses you.
The kobold demonologist is engulfed in a cloud of scalding steam.
You block the kobold demonologist's attack.
The smoke demon hits you but does no damage. x2
The smoke demon barely misses you. You block the kobold's attack.
You slash the big kobold!
The big kobold is almost dead.
You hit the smoke demon. You hit the kobold but do no damage.
You closely miss the sun demon. You slash the kobold demonologist!
The smoke demon disappears in a puff of smoke!
The sun demon hits you.
You are engulfed in flames!
The big kobold hits you.
The kobold demonologist is engulfed in a cloud of scalding steam.
You block the kobold demonologist's attack.
The kobold barely misses you. The sun demon hits you!!
* * * LOW HITPOINT WARNING * * *
You are engulfed in flames!
You die...

...........##........#
.....................#
)....................#
.....................#
.....................+
.....########.##(#####
..............##'####
#####.........#3KK..#
..............#§@K..#
#####.........#§§K..####
..............#§....(..#
..............#......(.#
#####........##..(.....# .
......................K.# #
......#......#.####...K.....
##......#......#..
....3..... ##......#......#$
......KK.._


You could see a sun demon, a kobold demonologist, a big kobold and 2 kobolds.

Vanquished Creatures
  Sigmund (D:3)
  A phantom (D:5)
  A necrophage (D:5)
  An ogre (D:6)
  A centaur (D:5)
  4 bullfrogs
  3 scorpions
  3 wights (D:4)
  A crimson imp (D:5)
  2 howler monkeys
  A bullfrog zombie (D:6)
  A centaur zombie (D:5)
  A hound (D:6)
  2 centaur skeletons
  2 jellies
  6 orc wizards
  Jessica (D:2)
  Ijyb (D:3)
  Natasha (thrice) (D:3)
  2 worker ants (D:4)
  2 howler monkey zombies
  A worker ant zombie (D:6)
  6 adders
  5 worms
  4 dart slugs
  6 leopard geckos
  17 orcs
  3 bats (D:1)
  7 giant cockroaches
  6 goblins
  10 hobgoblins
  17 jackals
  9 kobolds
  3 quokkas
  2 ball pythons (D:3)
  4 frilled lizards
  A giant cockroach zombie (D:5)
  3 leopard gecko skeletons
  A leopard gecko zombie (D:7)
  11 rats
156 creatures vanquished.

Vanquished Creatures (others)
  An adder (D:4)
1 creature vanquished.

Grand Total: 157 creatures vanquished

Notes
Turn   | Place    | Note
-------+----------+-------------------------------------------
     0 | D:1      | Mrkan the Hill Orc Fighter began the quest for the Orb.
     0 | D:1      | Reached XP level 1. HP: 19/19 MP: 1/1
    52 | D:1      | Reached skill level 3 in Axes
    68 | D:1      | Reached XP level 2. HP: 18/27 MP: 2/2
   180 | D:1      | Reached XP level 3. HP: 18/33 MP: 3/3
   965 | D:2      | Reached skill level 4 in Axes
  1102 | D:2      | Reached XP level 4. HP: 24/40 MP: 4/4
  1155 | D:2      | Noticed Jessica
  1161 | D:2      | Killed Jessica
  1798 | D:3      | Reached XP level 5. HP: 47/47 MP: 5/5
  1931 | D:3      | Noticed Natasha
  1932 | D:3      | Noticed Ijyb
  1936 | D:3      | Killed Natasha
  1946 | D:3      | Reached skill level 5 in Axes
  1966 | D:3      | Killed Ijyb
  2021 | D:3      | Noticed Natasha
  2039 | D:3      | Reached XP level 6. HP: 52/55 MP: 6/6
  2046 | D:3      | Killed Natasha
  2286 | D:3      | Noticed Sigmund
  2313 | D:3      | Killed Sigmund
  2313 | D:3      | Reached skill level 5 in Fighting
  2313 | D:3      | Reached skill level 6 in Axes
  2631 | D:3      | Noticed Natasha
  2638 | D:3      | Killed Natasha
  2638 | D:3      | Reached XP level 7. HP: 59/61 MP: 7/7
  2829 | D:3      | Found a sacrificial altar of Ru.
  3126 | D:4      | Found a hazy altar of Hepliaklqana.
  3136 | D:4      | Became a worshipper of Beogh the Brigand
  3295 | D:4      | Reached skill level 7 in Axes
  3295 | D:4      | Reached skill level 5 in Armour
  3295 | D:4      | Reached skill level 5 in Shields
  3679 | D:4      | Found a staircase to the Ecumenical Temple.
  3972 | D:5      | Entered Level 5 of the Dungeon
  4043 | D:5      | Reached skill level 1 in Invocations
  4043 | D:5      | Reached XP level 8. HP: 65/70 MP: 8/8
  4159 | D:5      | Reached * piety under Beogh
  4190 | D:5      | Reached skill level 8 in Axes
  4449 | D:5      | Found an ancient bone altar of Kikubaaqudgha.
  4617 | D:5      | Found a stormy altar of Qazlal.
  4767 | D:5      | Reached skill level 9 in Axes
  5292 | D:6      | Reached XP level 9. HP: 36/78 MP: 11/11
  5971 | D:6      | Found a shimmering altar of Xom.
  6095 | D:7      | Found a sand-covered staircase.
  6185 | D:7      | Noticed a kobold demonologist
  6187 | D:7      | Noticed a smoke demon
  6187 | D:7      | Found a white marble altar of Elyvilon.
  6201 | D:7      | Noticed a sun demon
  6205 | D:7      | Reached ** piety under Beogh
  6206 | D:7      | Mangled by a sun demon

Levels and vault maps discovered:
D:1:      lightli_iron_boxes, layout_rooms, grunt_decor_arrowhead
D:2:      layout_basic, first_ration, uniq_jessica
D:3:      layout_rooms, nicolae_ru_path_of_blood, uniq_ijyb, uniq_sigmund,
          uniq_natasha
D:4:      layout_loops_ring, overflow_temple_1_default,
          minmay_temple_entry_statues_pillars
D:5:      layout_basic, nicolae_qazlal_eye_of_the_storm, basic_altar
D:6:      layout_gridville, lemuel_doored_altar
D:7:      minmay_clustersquares, layout_basic, old_standard_altar,
          chequers_temple_overflow_statue_of_worship,
          nicolae_ossuary_entry_plus, the_bakery

Skill      XL: |  1  2  3  4  5  6  7  8  9 |
---------------+----------------------------+-----
Axes           | 3 4 5 6 7 9 |  9.6
Fighting       | 4 5 6 7 |  7.0
Armour         | 4 5 6 |  6.3
Shields        | 4 5 6 |  6.3
Invocations    | 1 3 4 |  4.0

Action                   |  1- 3 |  4- 6 |  7- 9 || total
-------------------------+-------+-------+-------++-------
Melee: War axe           |   128 |   166 |   316 ||   610
       Unarmed           |       |     8 |       ||     8
Invok: Convert to Beogh  |       |       |     1 ||     1
  Use: Potion            |       |     2 |       ||     2
  Eat: Chunk             |     1 |     5 |    12 ||    18
Armor: Scale mail        |    73 |    48 |       ||   121
       Skin              |       |     1 |       ||     1
       Chain mail        |       |    10 |   166 ||   176
Dodge: Dodged            |    45 |    50 |    78 ||   173
Block: Shield            |    79 |    86 |   192 ||   357
